 Dungeon Crawl Stone Soup version 0.22-a0-848-ge9e22a0 (webtiles) character file.

1755 Leszczynek the Cutter (level 8, 0/46 HPs)
             Began as a Deep Elf Monk on July 26, 2018.
             Was a Believer of the Shining One.
             Slain by a quokka (3 damage)
             ... on level 6 of the Dungeon.
             The game lasted 00:37:32 (5623 turns).

Leszczynek the Cutter (Deep Elf Monk)               Turns: 5623, Time: 00:37:32

Health: 0/46       AC:  2    Str:  7 (8)  XL:     8   Next: 78%
Magic:  10/13      EV: 19    Int: 18      God:    the Shining One [**....]
Gold:   225        SH: 18    Dex: 28      Spells: 10/11 levels left

rFire    . . .     SeeInvis .   a - +2 falchion (slice)
rCold    . . .     Gourm    .   q - +2 shield
rNeg     + . .     Faith    .   c - +2 robe
rPois    .         Spirit   .   (no helmet)
rElec    .         Reflect  .   r - +2 cloak
rCorr    .         Harm     .   s - +1 pair of gloves
MR       .....                  p - +0 pair of boots
Stlth    ++........             (no amulet)
HPRegen  0.15/turn              f - ring of wizardry
MPRegen  0.13/turn              k - +6 ring of dexterity

@: agile, divine shield, corroded, glowing, drained
A: no striking features
a: Divine Shield, Renounce Religion


You were on level 6 of the Dungeon.
You worshipped the Shining One.
The Shining One was pleased with you.
You were not hungry.

You visited 2 branches of the dungeon, and saw 8 of its levels.

You collected 337 gold pieces.
You spent 112 gold pieces at shops.

Inventory:

Hand Weapons
 a - a +2 falchion of slicing (weapon)
 b - a +2 shortbow of velocity
 h - a +0 long sword
 i - a +0 rapier
 o - a +0 blowgun
Missiles
 e - 99 arrows
 g - 170 stones (quivered)
 j - 35 sling bullets
Armour
 c - a +2 robe (worn)
 p - a +0 pair of boots (worn)
 q - a +2 shield (worn)
 r - a +2 cloak (worn)
 s - a +1 pair of gloves (worn)
Magical Staves
 t - an uncursed staff of wizardry
Jewellery
 f - a ring of wizardry (left hand)
 k - a +6 ring of dexterity (right hand)
Scrolls
 l - 2 scrolls of remove curse {@r2}
 u - a scroll of random uselessness
Comestibles
 d - 3 rations


   Skills:
 - Level 3.1 Fighting
 - Level 5.8(7.0) Short Blades
 * Level 5.5(6.5) Long Blades
 - Level 5.0(4.9) Dodging
 - Level 2.8(2.7) Stealth
 + Level 2.9 Shields
 - Level 2.2(2.1) Spellcasting
 - Level 5.2(5.1) Necromancy
 + Level 2.8 Invocations


You had 10 spell levels left.
You knew the following spells:

 Your Spells              Type           Power        Failure   Level  Hunger
a - Animate Skeleton      Necr           N/A          4%          1    #......

Your spell library contained the following spells:

 Spells                   Type           Power        Failure   Level  Hunger
 Animate Dead             Necr           N/A          36%         4    #####..
 Pain                     Necr           ###.         4%          1    #......
 Vampiric Draining        Necr           ###.......   12%         3    ###....
 Regeneration             Chrm/Necr      ##........   32%         3    ###....


Dungeon Overview and Level Annotations

Branches:
Dungeon (7/15)             Temple (1/1) D:6

Altars:
Nemelex Xobeh
Trog
The Shining One

Shops:
D:6 [

Annotations:
D:2 yiuf
D:4 Duvessa
D:5 Grinder
D:7 bees, Prince Ribbit


Message History

There is a stone staircase leading down here.
The jelly completely misses you.
You riposte.
You hit the jelly but do no damage.
The jelly is heavily wounded.
A quokka comes into view.
As you read the scroll labeled VUETZATIOPA, it crumbles to dust.
You hear the sound of one hand clapping.
It was a scroll of random uselessness.
The jelly hits you.
* * * LOW HITPOINT WARNING * * *
You are splashed with acid!
The acid burns!
* * * LOW HITPOINT WARNING * * *
You feel agile all of a sudden. The jelly closely misses you.
You riposte.
You hit the jelly but do no damage.
The jelly is heavily wounded.
You fail to use your ability.
The jelly misses you.
Your shield is strengthened by the Shining One's divine power.
You feel slightly more hungry. The jelly hits you but does no damage.
Unknown command.
You hit the quokka but do no damage. The quokka bites you.
You die...

.....∩.'....)......#.#
.......###.#.#####.#.#
.......###.#.##### #.#
..............[.># #..
#######.##.#.###.# ###
#.##.#.# #.#
#######.##.#.# #.#
...........#.# #J#
).......####.# #@#
......... ..# #.r.....#
........################
.....................
...####.##...########
...# #.##...# ...#
#.##...###
...####........#
...............#


You could see a jelly and a quokka.

Vanquished Creatures
  Eustachio (D:4)
  A phantom (Temple)
  2 sky beasts (D:5)
  2 ogres (D:6)
  A centaur (D:6)
  A scorpion (D:5)
  6 wights
  4 howler monkeys (D:7)
  2 crimson imps
  A quasit (D:4)
  4 hounds
  An orc priest (D:6)
  An orc wizard (D:6)
  A bullfrog skeleton (D:7)
  5 worker ants
  A worker ant zombie (D:7)
  4 gnolls
  2 howler monkey skeletons
  6 adders
  2 shadow imps
  3 oozes
  2 adder skeletons
  16 orcs
  A ball python (D:2)
  5 giant cockroaches
  5 goblins
  7 hobgoblins
  3 jackals (D:6)
  A quokka (D:2)
  7 bats
  A frilled lizard (D:5)
  2 jackal skeletons
  10 kobolds
  2 quokka skeletons
  3 rats (D:3)
116 creatures vanquished.

Vanquished Creatures (collateral kills)
  A howler monkey (D:7)
  A giant cockroach zombie (D:6)
2 creatures vanquished.

Grand Total: 118 creatures vanquished

Notes
Turn   | Place    | Note
-------+----------+-------------------------------------------
     0 | D:1      | Leszczynek the Deep Elf Monk began the quest for the Orb.
     0 | D:1      | Reached XP level 1. HP: 13/13 MP: 3/3
     8 | D:1      | 3 scrolls of enchant armor on turn 1
     8 | D:1      | too bad i used one of the fucking robe
    92 | D:1      | Reached XP level 2. HP: 16/18 MP: 4/4
   115 | D:1      | 4 ?EA total found already, used 2 on the robe
   459 | D:1      | xl2, have to pillardance a hobgoblin
   655 | D:1      | done, fast as fuck
   741 | D:1      | Reached XP level 3. HP: 14/22 MP: 5/5
  1033 | D:3      | Reached skill level 4 in Short Blades
  1306 | D:3      | wizardry AGAIN
  1306 | D:3      | it's like a half of all rings i find
  1306 | D:3      | today
  1414 | D:3      | Found a bloodstained altar of Trog.
  1446 | D:3      | Reached XP level 4. HP: 27/27 MP: 6/6
  1669 | D:3      | HP: 8/40 [poisoned by an adder]
  1674 | D:3      | HP: 7/40 [poisoned by an adder]
  1873 | D:3      | +6 dex ring
  1965 | D:5      | Entered Level 5 of the Dungeon
  1965 | D:5      | Noticed a sky beast
  1976 | D:4      | scorpion or sky beast? :^)
  1993 | D:4      | Noticed Duvessa
  2094 | D:4      | Noticed Eustachio
  2119 | D:4      | Reached skill level 5 in Short Blades
  2150 | D:4      | Noticed an ogre
  2155 | D:4      | plz
  2197 | D:3      | what's a realistic chance i can kill an ant without agility
  2197 | D:3      | probably low
  2197 | D:3      | despite 7 ac
  2197 | D:3      | oh well, we'll find out
  2226 | D:3      | Reached skill level 3 in Fighting
  2226 | D:3      | Reached XP level 5. HP: 29/32 MP: 7/7
  2227 | D:3      | it literally took this long
  2227 | D:3      | +0 short sword
  2332 | D:3      | 5th ?EA
  2332 | D:3      | a weapon plz
  2357 | D:4      | Noticed an ogre
  2512 | D:4      | HP: 5/32 [rat[Eustachio] (3)]
  2520 | D:4      | Killed Eustachio
  2520 | D:4      | Reached skill level 4 in Dodging
  2520 | D:4      | Reached XP level 6. HP: 7/37 MP: 8/8
  2521 | D:4      | motherfucker
  2521 | D:4      | he had might
  2756 | D:5      | Noticed Grinder
  2844 | D:5      | Reached skill level 1 in Long Blades
  3398 | D:5      | Reached skill level 5 in Dodging
  3398 | D:5      | Reached skill level 1 in Shields
  3451 | D:5      | Killed a sky beast
  3451 | D:5      | Reached skill level 2 in Long Blades
  3451 | D:5      | Reached XP level 7. HP: 41/41 MP: 9/9
  3524 | D:6      | Learned a level 1 spell: Animate Skeleton
  3698 | D:5      | Reached skill level 2 in Necromancy
  3707 | D:5      | Learned a level 3 spell: Vampiric Draining
  3863 | D:6      | Reached skill level 3 in Necromancy
  4030 | D:7      | Reached skill level 3 in Long Blades
  4115 | D:7      | Reached skill level 4 in Necromancy
  4159 | D:7      | ...
  4233 | D:7      | Noticed Prince Ribbit
  4340 | D:6      | Ouch! That really hurt!
  4346 | D:6      | Reached skill level 5 in Necromancy
  4346 | D:6      | Reached XP level 8. HP: 23/46 MP: 10/10
  4509 | D:6      | Reached skill level 1 in Spellcasting
  4577 | D:6      | Found a glowing golden altar of the Shining One.
  4580 | D:6      | Became a worshipper of the Shining One
  4580 | D:6      | Reached * piety under the Shining One
  4580 | D:6      | Reached ** piety under the Shining One
  4598 | D:6      | HP: 8/46 [wight/enchanted short sword (7)]
  4604 | D:6      | Found a staircase to the Ecumenical Temple.
  4609 | Temple   | Entered the Ecumenical Temple
  4612 | Temple   | Reached skill level 4 in Long Blades
  4612 | Temple   | Reached skill level 2 in Spellcasting
  4833 | Temple   | Reached skill level 2 in Shields
  4906 | Temple   | Reached skill level 1 in Invocations
  4952 | D:6      | Found a sparkling altar of Nemelex Xobeh.
  5142 | D:6      | Reached skill level 5 in Long Blades
  5142 | D:6      | Reached skill level 2 in Invocations
  5453 | D:6      | Found Zaoc's Antique Armour Shop.
  5476 | D:6      | Bought a pair of boots for 112 gold pieces
  5612 | D:7      | HP: 9/46 [acid (9)]
  5619 | D:6      | HP: 3/46 [acid (7)]
  5623 | D:6      | Slain by a quokka

Vault maps used:
D:1:      shiori_arrival_maze
D:2:      uniq_crazy_yiuf_cottage
D:3:      bloody_trog, minmay_splitting_lines
D:4:      lemuel_zombie_altar_kikubaaqudgha, first_ration, uniq_eustachio,
          uniq_menkaure, uniq_duvessa
D:5:      gup_sewer_entry_bubbles, xom_teletrap_fun, uniq_grinder
D:6:      kennysheep_mini_moat, nemelex_altar_shiori,
          minmay_temple_entry_statues_pillars, serial_shops, shop, minivault_4,
          nemelex_dance_club_becter
D:7:      lemuel_coloured_pillars_altar, uniq_prince_ribbit1
Temple:   jpeg_temple_clearing

Skill      XL: |  1  2  3  4  5  6  7  8 |
---------------+-------------------------+-----
Short Blades   | 4 5 |  5.8
Fighting       | 3 |  3.1
Dodging        | 4 5 |  5.0
Long Blades    | 2 3 5 |  5.5
Shields        | 1 2 |  2.9
Necromancy     | 5 |  5.2
Spellcasting   | 2 |  2.2
Invocations    | 2 |  2.8
Stealth        | |  2.8

Action                   |  1- 3 |  4- 6 |  7- 9 || total
-------------------------+-------+-------+-------++-------
Melee: Short sword       |   162 |   168 |       ||   330
       Falchion          |       |    61 |   272 ||   333
 Fire: Shortbow          |       |       |     6 ||     6
Throw: Stone             |    10 |    28 |     8 ||    46
 Cast: Animate Skeleton  |       |       |     5 ||     5
       Vampiric Draining |       |       |     2 ||     2
Invok: Divine Shield     |       |       |     4 ||     4
  Use: Scroll            |     6 |     7 |     3 ||    16
       Potion            |       |     5 |     3 ||     8
 Stab: Sleeping          |     6 |     3 |       ||     9
       Distracted        |       |     1 |     1 ||     2
  Eat: Chunk             |     2 |     1 |     6 ||     9
       Ration            |       |     3 |     1 ||     4
Armor: Robe              |    34 |    68 |    50 ||   152
       Skin              |       |     2 |       ||     2
Dodge: Dodged            |   120 |   235 |   198 ||   553
Block: Shield            |       |       |    10 ||    10
       Other             |       |       |     2 ||     2
       Rpst.: Falchion   |       |    15 |    58 ||    73

Table legend:
 A = Spawn XP
 B = Non-spawn XP
 C = Spawn XP percentage of total XP
 D = Spawn monster count
 E = Non-spawn monster count
 F = Spawn count percentage of total count
 G = Total turns spent on level
                    A         B        C        D         E        F      G
               +---------+---------+-------+---------+---------+-------+---------
         Total |       0 |    2508 |   0.0 |       0 |     118 |   0.0 |  5623
               +---------+---------+-------+---------+---------+-------+---------
           D:1 |       0 |      36 |   0.0 |       0 |      15 |   0.0 |   622
           D:2 |       0 |      16 |   0.0 |       0 |       9 |   0.0 |   397
           D:3 |       0 |     134 |   0.0 |       0 |      26 |   0.0 |  1182
           D:4 |       0 |     329 |   0.0 |       0 |      11 |   0.0 |   936
           D:5 |       0 |     401 |   0.0 |       0 |       9 |   0.0 |   661
           D:6 |       0 |     833 |   0.0 |       0 |      28 |   0.0 |   981
           D:7 |       0 |     416 |   0.0 |       0 |      15 |   0.0 |   491
        Temple |       0 |     343 |   0.0 |       0 |       5 |   0.0 |   353
               +---------+---------+-------+---------+---------+-------+---------
